 Dungeon Crawl Stone Soup version 0.30.1-9-gdf580d7c3d (webtiles) character file.

Game seed: 10995949808362774850

1159 lonewolfV2 the Shield-Bearer (level 8, -1/51 HPs)
             Began as a Gargoyle Fighter on Oct 17, 2023.
             Slain by a warg (4 damage)
             ... on level 6 of the Dungeon.
             The game lasted 00:07:12 (4629 turns).

lonewolfV2 the Shield-Bearer (Gargoyle Fighter)     Turns: 4629, Time: 00:07:13

Health: -1/51      AC: 15    Str: 22    XL:     8   Next: 39%
Magic:  8/8        EV: 10    Int: 11    God:
Gold:   241        SH:  5    Dex:  6    Spells: 7/7 levels left

rFire   + + +        a - +0 flail
rCold   . . .        r - orb "Fawos" {*Rage, rF+ rN+ Int+2 Dex-3}
rNeg    + + .        n - +0 ring mail of Zeklerag {rF++ Will- rCorr}
rPois   ∞            (no helmet)
rElec   +            t - +0 cloak
rCorr   +            f - +1 pair of gloves
SInv    .            (no boots)
Will    .....        k - amulet of reflection Stlth
                     i - ring of flight
HPRegen 0.28/turn    (no ring)
MPRegen 0.11/turn

%: random rage (20%), reflection
@: on berserk cooldown, flying
A: sickness immunity, AC +5, negative energy resistance 1, electricity
resistance, torment resistance 1, petrification resistance
a: no special abilities


You were on level 6 of the Dungeon.
You visited 1 branch of the dungeon, and saw 6 of its levels.

You collected 241 gold pieces.

Inventory:

Hand Weapons
 a - a +0 flail (weapon)
Armour
 b - a +0 scale mail
 c - a +0 buckler
 f - a +1 pair of gloves (worn)
 n - the +0 ring mail of Zeklerag (worn) {rF++ Will- rCorr}
   (You found it on level 2 of the Dungeon)

   rF:        It greatly protects you from fire.
   rCorr:     It protects you from acid and corrosion.
   Will:      It decreases your willpower.
 r - the orb "Fawos" (worn) {*Rage, rF+ rN+ Int+2 Dex-3}
   (You found it on level 3 of the Dungeon)

   Int:       It affects your intelligence (+2).
   Dex:       It affects your dexterity (-3).
   rF:        It protects you from fire.
   rN:        It protects you from negative energy.
 t - a +0 cloak (worn)
Jewellery
 i - a ring of flight (left hand)
 k - an amulet of reflection (around neck)
Wands
 e - a wand of roots (9)
 s - a wand of flame (13)
Scrolls
 j - 2 scrolls of teleportation
Potions
 g - 4 potions of magic
 h - 2 potions of mutation
 m - a potion of resistance {unknown}
 o - 2 potions of attraction
 p - 2 potions of haste
 q - 2 potions of brilliance


   Skills:
 + Level 6.2 Fighting
 + Level 5.2 Maces & Flails
 + Level 6.2 Armour
 + Level 6.2 Shields


You had 7 spell levels left.
You didn't know any spells.
Your spell library contained the following spells:

 Spells                   Type           Power      Damage    Failure   Level
 Freeze                   Ice            0%         1d3       47%         1
 Call Canine Familiar     Summ           0%         N/A       85%         3
 Dazzling Flash           Conj/Hex       0%         N/A       85%         3
 Frozen Ramparts          Ice            0%         1d1       85%         3
 Hailstorm                Conj/Ice       0%         3d3       85%         3
 Ozocubu's Armour         Ice            0%         N/A       85%         3
 Portal Projectile        Hex/Tloc       0%         N/A       85%         3
 Leda's Liquefaction      Hex/Erth       0%         N/A       99%         4
 Agony                    Necr           0%         N/A       100%        5
 Metabolic Englaciation   Hex/Ice        0%         N/A       100%        5
 Silence                  Hex/Air        0%         N/A       100%        5
 Simulacrum               Ice/Necr       0%         N/A       100%        6


Dungeon Overview and Level Annotations

Branches:
Dungeon (6/15)
 Temple: D:4-7

Altars:


Innate Abilities, Weirdness & Mutations

You are immune to sickness and miasma.
Your stone body is resilient. (AC +5)
You are immune to poison.
You resist negative energy. (rN+)
You are resistant to electric shocks. (rElec)
You are resistant to unholy torment.
You are immune to petrification.


Message History

You completely miss the warg. The warg bites you but does no damage.
The warg bites you!
* * * LOW HITPOINT WARNING * * *
You closely miss the warg. The warg closely misses you.
The hound stops to sniff the water.
You block the warg's attack. The warg bites you but does no damage.
You hit the warg.
The warg is lightly wounded.
The warg bites you but does no damage. The warg barely misses you.
You hit the warg but do no damage.
The warg is lightly wounded.
You block the warg's attack. The warg closely misses you.
You hit the warg.
The warg is lightly wounded.
The warg bites you.
* * * LOW HITPOINT WARNING * * *
The hound pauses to sniff the water.
You block the warg's attack.
The howler monkey hoots and howls with incredible vigour!
Aiming: Fastroot
Press: ? - help, Q - select action, (/) - cycle Shift-Dir - straight line The roots erupt in riotous growth!
Roots grab the warg.
The grasping roots constrict the warg.
The roots release their grip on the warg.
The warg bites you but does no damage. You block the warg's attack.
You feel yourself speed up. The warg closely misses you.
The warg attacks as you move away! The warg closely misses you.
The howler monkey hoots and howls with incredible vigour! x2
You hear a shout!
You hear a shout!
You hear two shouts!
The warg bites you.
* * * LOW HITPOINT WARNING * * *
You hear a shout!
You closely miss the warg.
The warg is moderately wounded.
You hear a shout!
The warg bites you.
You die...

.~≈~.... #.~≈~.... #.~~~....
#.~~≈.... #.≈≈≈..P. #.~≈~....
#+###≈~....
###################...#≈~P...
...........h@.....#.o.#≈~....
~~~~~≈≈~~~~≈~≈~~†~#####≈~....
≈≈~~~≈≈≈≈≈≈≈≈≈≈≈≈≈≈≈≈≈≈≈~....
~≈≈~~~~~h≈hh≈~~~≈~~~~~~≈~....
.........hh.h...........P....
............P................
#############################


You could see a warg, 2 howler monkeys and 4 hounds.

Vanquished Creatures
  Prince Ribbit (D:5)
  A warg (D:6)
  A water moccasin (D:5)
  2 ogres (D:4)
  A phantom (D:5)
  A bullfrog (D:6)
  A howler monkey (D:6)
  4 hounds
  A jelly (D:5)
  2 orc priests (D:4)
  Robin (D:3)
  9 adders
  A white imp (D:5)
  3 worms
  2 dart slugs
  5 orcs
  8 ball pythons
  7 endoplasms
  20 goblins
  7 hobgoblins
  2 jackals (D:2)
  6 kobolds
  3 quokkas
  5 bats
  3 frilled lizards
  9 rats
106 creatures vanquished.

Vanquished Creatures (others)
  A kobold (D:3)
1 creature vanquished.

Grand Total: 107 creatures vanquished

Notes
Turn   | Place    | Note
-------+----------+-------------------------------------------
     0 | D:1      | lonewolfV2 the Gargoyle Fighter began the quest for the
                  | Orb.
     0 | D:1      | Reached XP level 1. HP: 14/14 MP: 1/1
   307 | D:1      | Reached XP level 2. HP: 6/19 MP: 2/2
  1040 | D:2      | Reached XP level 3. HP: 23/23 MP: 3/3
  1462 | D:2      | Identified the +0 ring mail of Zeklerag {rF++ Will- rCorr}
  1550 | D:2      | Reached XP level 4. HP: 29/29 MP: 4/4
  1896 | D:3      | Noticed Robin
  1942 | D:3      | Killed Robin
  2399 | D:3      | Reached XP level 5. HP: 29/33 MP: 5/5
  2563 | D:3      | Identified the orb "Fawos" {*Rage, rF+ rN+ Int+2 Dex-3}
  2743 | D:4      | Noticed an ogre
  2755 | D:4      | Killed an ogre
  2756 | D:4      | Reached XP level 6. HP: 39/39 MP: 6/6
  3847 | D:5      | Entered Level 5 of the Dungeon
  3865 | D:5      | Reached skill level 5 in Shields
  3877 | D:5      | Reached skill level 5 in Fighting
  3912 | D:5      | Reached skill level 5 in Armour
  3912 | D:5      | Reached XP level 7. HP: 44/44 MP: 7/7
  4319 | D:5      | Noticed Prince Ribbit
  4347 | D:5      | Killed Prince Ribbit
  4348 | D:5      | Reached XP level 8. HP: 24/51 MP: 8/8
  4589 | D:6      | Reached skill level 5 in Maces & Flails
  4629 | D:6      | Slain by a warg

Illustrated notes

Levels and vault maps discovered:
D:1:      dpeg_arrival_central, layout_basic, minmay_tromino_v2
D:2:      layout_loops_corners
D:3:      layout_loops_cross, minmay_misc_feat_cross, uniq_robin
D:4:      layout_loops_ring
D:5:      layout_rooms, uniq_prince_ribbit1
D:6:      lemuel_castle_with_subvaults [lemuel_castle_interior_carwin_2],
          layout_gridville, grunt_ministairs_6

Skill      XL: |  1  2  3  4  5  6  7  8 |
---------------+-------------------------+-----
Shields        | 4 5 6 |  6.2
Fighting       | 4 5 6 |  6.2
Armour         | 4 5 6 |  6.2
Maces & Flails | 3 4 5 |  5.2

Action                     |  1- 3 |  4- 6 |  7- 9 || total
---------------------------+-------+-------+-------++-------
  Melee: Flail             |    96 |   230 |    98 ||   424
  Evoke: Wand              |       |       |     1 ||     1
    Use: Scroll            |     4 |     2 |     3 ||     9
         Potion            |       |       |     4 ||     4
 Armour: Scale mail        |    52 |       |       ||    52
         Ring mail         |     2 |   147 |    53 ||   202
  Dodge: Dodged            |    51 |   135 |    55 ||   241
  Block: Buckler           |    26 |    80 |       ||   106
         Reflection        |       |     2 |       ||     2
         Orb               |       |    41 |    34 ||    75
